Map: The Vermillion Problem

Players

Fetor

  • Race: Terran Terran
  • League: Diamond
  • Spawn Location: 11:00

Tengri

  • Race: Protoss Protoss
  • Spawn Location: 11:00

VOD

Have the link to the VOD?

Description

Time

  • Played on: Dec. 20, 2017, 12:21 p.m.
  • Length: 26:34
Show
View Real Time Build Order
Export as new Build Order

Fetor Terran 

Build Orders:  

Get SALT Encoding   

  12  0:01  SCV  
  13  0:21  Refinery  
  13  0:33  Refinery  
  13  0:35  SCV  
  14  0:50  SCV  
  15  1:05  SCV  
  16  1:19  SCV  
  16  1:21  Barracks  
  17  1:32  Ghost Visor  
  17  1:34  SCV  
  18  1:49  SCV  
  19  2:04  SCV  
  20  2:18  SCV  
  21  2:36  SCV, Command Center  
  22  2:43  Factory  
  22  2:47  Barracks Tech Lab  
  22  2:51  SCV  
  22  2:53  Caduceus Reactor  
  23  3:10  Laser Targeting System  
  23  3:13  SCV  
  24  3:25  SCV  
  24  3:36  Suppression Shells  
  24  3:37  SCV  
  25  3:48  Starport  
  25  3:49  SCV  
  26  3:51  Factory Tech Lab  
  27  4:01  SCV  
  27  4:06  Engineering Bay  
  28  4:13  SCV  
  28  4:15  Engineering Bay  
  29  4:44  SCV  
  30  5:23  Railgun Turret  
  30  5:24  Elite Marine  
  34  5:38  Terran Infantry Armor Level 1  
  34  5:39  Terran Infantry Weapons Level 1  
  34  5:51  Refinery  
  34  6:35  Terran Vehicle and Ship Weapons Level 1  
  34  6:36  Terran Vehicle And Ship Armor Level 1  
  34  6:43  Refinery  
  34  6:48  SCV  
  34  6:58  Terran Infantry Weapons Level 2, Armory  
  35  7:00  Super Stimpack, Armory  
  35  7:03  SCV  
  35  7:08  Starport Tech Lab  
  36  7:15  SCV  
  36  7:18  SCV  
  37  7:25  Terran Infantry Armor Level 2  
  37  7:29  SCV  
  38  7:32  SCV  
  38  7:37  Ares-Class Targeting System  
  38  7:39  Triple Tap  
  40  7:44  SCV  
  41  8:04  Infernal Projectiles  
  41  8:11  Suppression Shells  
  41  8:12  SCV x2  
  41  8:14  Operational Efficiency  
  41  8:17  Lockdown Missiles  
  41  8:19  Defensive Drone  
  43  8:26  SCV  
  44  8:31  Graduating Range  
  44  8:43  Raid Artillery  
  44  8:56  Building Armor  
  44  9:05  Covert Triage  
  44  9:12  Jump Jet Assault  
  44  10:05  Terran Infantry Weapons Level 3  
  44  10:10  Terran Vehicle And Ship Armor Level 2  
  44  10:21  Infernal Pre-Igniter  
  44  10:27  Terran Infantry Armor Level 3  
  44  11:00  Terran Vehicle and Ship Weapons Level 2  
  44  11:09  Defensive Drone  
  44  11:12  Defensive Drone  
  44  11:35  Elite Marine  
  44  11:36  Elite Marine  
  52  11:45  Smart Servos  
  52  11:58  Defensive Drone  
  52  12:14  Terran Vehicle And Ship Armor Level 3  
  52  12:24  Enhanced Manufacturing  
  52  12:27  Defensive Drone  
  52  12:29  EMP Round  
  52  12:42  Hellbat Rangers x2  
  52  12:43  Hellbat Rangers  
  52  12:46  Spider Mines  
  64  13:09  Defensive Drone  
  56  13:33  Strike Goliath  
  56  13:34  Strike Goliath x2  
  74  14:17  Defensive Drone  
  74  14:20  Terran Vehicle and Ship Weapons Level 3  
  74  14:29  Defensive Drone  
  74  14:50  Defensive Drone  
  73  15:33  Advanced Cloaking Field  
  73  15:47  Defensive Drone  
  73  16:02  Spec Ops Ghost  
  77  16:59  Tactical Airlift  
  77  17:19  Railgun Turret  
  77  17:46  Railgun Turret  
  77  17:47  Raid Liberator  
  83  17:51  Rocket Barrage  
  83  18:12  Railgun Turret  
  83  18:21  Griffin Airstrike  
  83  18:43  Railgun Turret  
  83  19:11  Railgun Turret  
  83  19:19  Griffin Airstrike  
  83  19:56  Raid Liberator  
  89  20:44  Defensive Drone x4  
  89  21:29  Spec Ops Ghost  
  93  21:30  Railgun Turret  
  93  21:32  Railgun Turret  
  91  22:00  Railgun Turret  
  91  22:06  Hellbat Rangers  
  91  22:07  Hellbat Rangers  
  99  22:19  Defensive Drone  
  99  22:30  Missile Turret  
  95  22:59  Missile Turret  
  95  23:29  Missile Turret  
  95  23:56  Missile Turret  
  95  24:27  Railgun Turret  
  93  24:32  Hellbat Rangers  
  97  24:52  Railgun Turret  
  97  24:54  Griffin Airstrike  
  96  25:10  Defensive Drone x4  
  96  25:52  Griffin Airstrike  
  96  25:57  Defensive Drone  
  96  26:01  Tactical Airlift  
Show
View Real Time Build Order
Export as new Build Order

Tengri Protoss 

Build Orders:  

Get SALT Encoding   

  12  0:01  Probe (Chrono Boost)  
  13  0:13  Probe (Chrono Boost)  
  14  0:27  Pylon  
  14  0:28  Probe (Chrono Boost)  
  15  0:41  Probe (Chrono Boost)  
  16  0:53  Gateway  
  16  0:55  Probe (Chrono Boost)  
  17  1:06  Assimilator  
  17  1:07  Probe (Chrono Boost)  
  18  1:18  Assimilator  
  18  1:19  Probe (Chrono Boost)  
  19  1:31  Probe (Chrono Boost)  
  20  1:45  Probe (Chrono Boost)  
  20  1:47  Forge  
  21  1:57  Probe (Chrono Boost)  
  22  2:09  Cybernetics Core  
  22  2:12  Probe (Chrono Boost)  
  23  2:24  Pylon  
  23  2:27  Probe (Chrono Boost)  
  24  2:39  Probe (Chrono Boost)  
  25  2:51  Probe (Chrono Boost)  
  26  3:02  Stargate  
  26  3:04  Probe (Chrono Boost)  
  27  3:19  Protoss Air Weapons Level 1  
  27  3:29  Pylon  
  27  3:50  Probe (Chrono Boost)  
  27  3:58  Mirage  
  30  4:12  Fleet Beacon  
  30  4:34  Mirage  
  32  5:19  Anion Pulse-Crystals  
  32  5:30  Mirage  
  34  5:41  Pylon  
  34  5:43  Probe (Chrono Boost)  
  35  5:50  Photon Cannon  
  35  5:53  Photon Cannon  
  35  6:07  Photon Cannon  
  35  6:10  Mirage, Photon Cannon  
  37  6:32  Phasing Armor  
  37  6:44  Nexus  
  37  6:47  Photon Cannon  
  37  6:49  Assimilator  
  37  6:58  Energizer  
  39  7:19  Assimilator  
  39  7:21  Probe (Chrono Boost)  
  40  7:31  Mirage  
  42  7:46  Probe (Chrono Boost)  
  43  8:01  Probe (Chrono Boost)  
  44  8:11  Death Council  
  44  8:23  Mirage  
  44  8:42  Probe x2 (Chrono Boost)  
  44  8:44  Probe (Chrono Boost)  
  44  8:45  Probe (Chrono Boost)  
  44  8:47  Probe (Chrono Boost)  
  44  8:48  Probe (Chrono Boost)  
  46  8:52  Probe (Chrono Boost), Rapid Recharging  
  46  8:53  Probe (Chrono Boost)  
  54  9:12  Probe (Chrono Boost)  
  54  9:15  Probe (Chrono Boost)  
  56  9:22  Solar Efficiency Level 1  
  56  9:54  Photon Cannon  
  56  9:55  Photon Cannon  
  56  9:57  Protoss Air Weapons Level 2, Photon Cannon  
  54  10:25  Stargate  
  54  10:33  Mirage  
  56  10:40  Probe (Chrono Boost)  
  56  10:48  Pylon  
  57  10:50  Pylon  
  57  10:52  Probe (Chrono Boost)  
  58  11:03  Mirage  
  58  11:04  Probe (Chrono Boost)  
  61  11:16  Probe (Chrono Boost)  
  62  11:28  Mirage, Probe (Chrono Boost)  
  62  11:39  Mirage  
  65  11:42  Stargate  
  67  12:08  Mirage  
  67  12:10  Solar Efficiency Level 2  
  69  12:39  Mirage  
  69  12:48  Probe (Chrono Boost)  
  71  12:51  Probe (Chrono Boost)  
  71  12:55  Mirage  
  75  13:00  Probe (Chrono Boost)  
  75  13:05  Pylon  
  75  13:06  Probe (Chrono Boost)  
  75  13:07  Pylon  
  75  13:08  Pylon  
  77  13:10  Pylon  
  77  13:12  Pylon  
  77  13:32  Mirage x3  
  77  13:38  Mirage x2  
  82  14:01  Protoss Air Weapons Level 3  
  86  14:31  Mirage x2  
  88  15:15  Mirage  
  90  15:30  Mirage  
  90  15:38  Photon Cannon  
  92  15:41  Photon Cannon  
  92  15:44  Photon Cannon  
  92  15:46  Photon Cannon  
  92  15:50  Photon Cannon  
  92  15:53  Photon Cannon  
  92  16:16  Mirage x2  
  92  16:17  Mirage  
  98  16:30  Phase Detonation  
  98  17:09  Mirage  
  98  17:10  Mirage x2  
  104  17:22  Pylon  
  104  17:23  Pylon  
  104  17:25  Pylon  
  104  17:27  Pylon x2  
  104  17:30  Pylon  
  104  17:40  Mirage x2  
  108  17:51  Mirage  
  108  17:55  Pylon x2  
  110  18:02  Pylon  
  110  18:08  Pylon  
  110  18:31  Mirage  
  110  18:32  Mirage x2  
  116  18:44  Photon Cannon  
  116  18:45  Photon Cannon  
  116  18:49  Photon Cannon  
  116  18:50  Photon Cannon  
  116  18:51  Photon Cannon  
  116  18:53  Photon Cannon  
  116  18:55  Photon Cannon  
  116  18:57  Photon Cannon  
  116  19:02  Mirage  
  116  19:03  Pylon  
  118  19:33  Mirage x2  
  118  19:34  Mirage  
  124  20:04  Mirage x2  
  128  20:36  Mirage x3  
  128  20:42  Mirage  
  128  20:49  Mirage x2  
  138  21:53  Mirage x3  
  142  22:28  Mirage x2  
  146  23:00  Mirage x3  
  152  23:31  Mirage x2  
  156  23:58  Mirage  
  156  24:01  Mirage  
  160  24:12  Mirage  
  162  24:28  Mirage  
  164  24:51  Mirage x3  
  164  24:57  Mirage  
Tags
 
Add a new tag
Caveats
  • Supply blocks, unpowered buildings, or Contaminate may cause inaccurate times.
  • Supply counts are checked every 10 seconds.